 Dungeon Sprint DCSS version 0.31-a0-876-gfe8ebadbca (webtiles) character file.

Game seed: 2194595444895987558

10 rocky1 the Ducker (level 2, -11/24 HPs)
             Began as a Djinni Gladiator on Oct 14, 2023.
             Mangled by Menkaure (23 damage)
             ... in the Dungeon (Sprint II: "The Violet Keep of Menkaure").
             The game lasted 00:00:25 (164 turns).

rocky1 the Ducker (Djinni Gladiator)                 Turns: 164, Time: 00:00:26

Health: -11/24     AC:  4    Str: 13    XL:     2   Next: 30%
Gold:   243        EV: 13    Int:  9    God:
                   SH:  0    Dex: 14

rFire   + + .        a - +0 long sword
rCold   x . .        (no shield)
rNeg    . . .        b - +0 leather armour
rPois   ∞            c - +0 helmet
rElec   .            (no cloak)
rCorr   .            (no gloves)
SInv    .            (boots unavailable)
Will    .....        (no amulet)
Stlth   +            (no ring)
HPRegen 0.24/turn    (no ring)
MPRegen 0.00/turn

%: no teleportation, infuse magic (-12 HP)
@: flying
A: sickness immunity, fire resistance 2, cold vulnerability 1, float, innate
caster, HP casting, extra vitality 1
a: no special abilities


You were in the Dungeon.
You visited 1 branch You collected 243 gold pieces.

Inventory:

Hand Weapons
 a - a +0 long sword (weapon)
Missiles
 d - 3 throwing nets (quivered)
 e - a javelin
Armour
 b - a +0 leather armour (worn)
 c - a +0 helmet (worn)
Scrolls
 j - a scroll of blinking
Potions
 f - a potion of curing
 g - a potion of heal wounds
 h - a potion of haste
 i - a potion of berserk rage


   Skills:
 + Level 2.4 Fighting
 + Level 3.7 Long Blades
 + Level 1.9 Throwing
 + Level 0.1 Armour
 + Level 4.2 Dodging You didn't know any spells. Your spell library was empty.

Dungeon Overview and Level Annotations

Branches:
Dungeon (1/1)

Altars:

Annotations:
D Menkaure, Roxanne


Innate Abilities, Weirdness & Mutations

You are immune to sickness and miasma.
You are immune to poison.
Your flesh is very heat resistant. (rF++)
You are vulnerable to cold. (rC-)
You float through the air rather than walking.
You learn spells naturally, not from books.
Your magical power is your life essence.
You have superior vitality. (+4 MHP)


Message History

The worm bites you.
You hit the worm.
The worm is heavily wounded.
You hit the worm.
The worm is severely wounded.
The worm bites you!
You hit the worm.
The worm is severely wounded.
The worm bites you.
* * * LOW HITPOINT WARNING * * *
You slash the worm!
You kill the worm!
There is an open door here.
You reach down and close the door.
You start resting.
HP restored.
You reach down and open the door.
There is an open door here.
Menkaure, Prince of Dust comes into view.
You hit Menkaure.
Menkaure is lightly damaged.
Menkaure barely misses you.
You barely miss Menkaure.
Menkaure is lightly damaged.
Menkaure gestures wildly while chanting.
Menkaure seems to speed up.
You slash Menkaure!
Menkaure is moderately damaged.
Menkaure's bandages flutter.
Menkaure gestures at you while chanting.
Pain shoots through your body!
You barely miss Menkaure.
Menkaure is moderately damaged.
Menkaure hits you! Menkaure hits you.
Roxanne says, "Come nearer, honey, I don't have a heart of stone."
You barely miss Menkaure.
Menkaure is moderately damaged.
Menkaure hits you!!
Ouch! That really hurt!
You die...

+####
~~.§§§~##
.~~§~§.##
~~8§~~.~#
.§§... §.§.
##~~#+++#+++##
#~~~..M@.....#
#~~~~.##'##..#
#~~~~##.#.##
#~~~ #.##..#
#~~ ###..## #
#~ #'## .## #
##.##B..#
+.<.+#
##.##.B$#


You could see Roxanne and Menkaure (fast).

Vanquished Creatures
  3 worms (D)
3 creatures vanquished.

Notes
Turn   | Place    | Note
-------+----------+-------------------------------------------
     0 | D        | rocky1 the Djinni Gladiator began the quest for the Orb.
     0 | D        | Reached XP level 1. HP: 18/18 MP: 0/0
     1 | D        | Noticed a boulder beetle
     1 | D        | Noticed a boulder beetle
     5 | D        | Noticed a wyvern
     5 | D        | Noticed a wyvern
    22 | D        | Reached skill level 4 in Dodging
    22 | D        | Reached XP level 2. HP: 13/23 MP: 0/0
    28 | D        | Noticed Roxanne
   159 | D        | Noticed Menkaure
   164 | D        | Mangled by Menkaure

Illustrated notes

Levels and vault maps discovered:
D:        the_violet_keep_of_menkaure [sprint2_stairs_cluster_1,
          sprint2_shoproom, sprint2_temple, sprint2_basic_supplies,
          sprint2_obstacle_2, sprint2_obstacle_5, sprint2_obstacle_6,
          sprint2_obstacle_7, sprint2_obstacle_3, sprint2_timed_cluster_1,
          sprint2_smallroom_cluster_1, sprint2_smallroom_final_cluster_1,
          sprint2_transparent_cluster_1, sprint2_second_timed_cluster_1,
          sprint2_sniper_area_1, sprint2_heavy_combat_area_1,
          sprint2_mutation_trap_area_1, sprint2_forest_area_1,
          sprint2_light_combat_area_1, sprint2_behind_water_1,
          sprint2_near_end_vault_1]

Skill      XL: |  1 |
---------------+----+-----
Long Blades    | 3 |  3.7
Dodging        | 4 |  4.2
Fighting       | |  2.4
Throwing       | |  1.9
Armour         | |  0.1

Action                     || total
---------------------------++-------
  Melee: Long sword        ||    24
 Armour: Leather armour    ||    11
  Dodge: Dodged            ||     5

Table legend: (Time is in decaauts)
 A = Elapsed time spent in this place.
 B = Non-inter-level travel time spent in this place.
 C = Inter-level travel time spent in this place.
 D = Time resting spent in this place.
 E = Time spent auto-exploring this place.
 F = Levels seen in this place.
 G = Mean time per level.
                   A        B        C        D        E       F      G
               +--------+--------+--------+--------+--------+-----+--------+
         Total |    169 |    169 |      0 |    113 |      0 |   1 |  169.0 |
       Dungeon |    169 |    169 |      0 |    113 |      0 |   1 |  169.0 |
               +--------+--------+--------+--------+--------+-----+--------+

Top non-repeatable levels by time:
       D: 169 daAuts
